 Dungeon Crawl Stone Soup version 0.25-a0-185-g6cfeca75b2 (webtiles) character file.

Game seed: 18000932672207306674, levelgen mode: deterministic

247 sankara the Ruffian (level 5, -7/40 HPs)
             Began as a Minotaur Transmuter on Nov 27, 2019.
             Mangled by a goblin
             ... wielding a +0 club
             ... led by Robin
              (9 damage)
             ... on level 3 of the Dungeon.
             The game lasted 00:11:17 (3466 turns).

sankara the Ruffian (Minotaur Transmuter)           Turns: 3466, Time: 00:11:17

Health: -7/40      AC:  2    Str: 18    XL:     5   Next: 85%
Magic:  5/6        EV: 13    Int: 11    God:
Gold:   218        SH:  0    Dex: 10    Spells: 3/6 levels left

rFire    . . .     SeeInvis .     - Unarmed
rCold    . . .     Gourm    .   (no shield)
rNeg     . . .     Faith    .   b - +0 robe
rPois    .         Spirit   .   o - +0 hat
rElec    .         Reflect  .   (no cloak)
rCorr    .         Harm     .   (no gloves)
MR       .....                  (boots currently unavailable)
Stlth    +.........             (no amulet)
HPRegen  0.13/turn              s - +3 ring of strength
MPRegen  0.10/turn              (no ring)

@: appendage (expiring), hasted, very quick
A: retaliatory headbutt, horns 2, talons 3
a: End Transformation


You were on level 3 of the Dungeon.
You were hungry.
You had grown temporary talons.
You visited 1 branch of the dungeon, and saw 3 of its levels.

You collected 218 gold pieces.

Inventory:

Hand Weapons
 e - a +0 hunting sling
   (You found it on level 1 of the Dungeon)
 j - a +0 dagger
   (You took it off a goblin on level 1 of the Dungeon)
Missiles
 a - 51 arrows
 g - 32 poisoned darts (quivered)
 l - 25 stones
 x - 20 bolts
Armour
 b - a +0 robe (worn)
 o - a +0 hat (worn)
   (You found it on level 1 of the Dungeon)
 q - a +0 pair of boots
   (You found it on level 1 of the Dungeon)
Jewellery
 s - a +3 ring of strength (left hand)
   (You found it on level 2 of the Dungeon)
Scrolls
 c - 2 scrolls of enchant weapon {unknown}
 f - 3 scrolls of remove curse {unknown}
 i - 6 scrolls of identify {unknown}
 n - a scroll of teleportation {unknown}
 r - a scroll of amnesia {unknown}
 t - a scroll of magic mapping {unknown}
 w - a scroll of blinking {unknown}
 y - a scroll of noise {unknown}
Potions
 h - 2 potions of magic {unknown}
 k - a potion of curing {unknown}
 m - a potion of resistance {unknown}
 p - a potion of brilliance {unknown}
 u - 2 potions of might {unknown}
 v - 3 potions of haste
 z - a potion of heal wounds {unknown}
 A - a potion of degeneration {unknown}
 C - a potion of flight {unknown}
Comestibles
 d - 6 rations
 B - 2 chunks of flesh {@w0}


   Skills:
 - Level 1.2 Fighting
 + Level 4.2 Dodging
 + Level 5.0 Unarmed Combat
 - Level 1.3 Spellcasting
 + Level 3.2 Transmutations


You had 3 spell levels left.
You knew the following spells:

 Your Spells              Type           Power        Failure   Level  Hunger
a - Beastly Appendage     Tmut           #.....       9%          1    ##.....
b - Sticks to Snakes      Tmut           #.......     13%         2    ###....

Your spell library contained the following spells:

 Spells                   Type           Power        Failure   Level  Hunger
 Spider Form              Tmut/Pois      #.........   43%         3    ####...
 Ice Form                 Ice/Tmut       #.......     85%         4    #####..
 Blade Hands              Tmut           #.........   93%         5    ######.


Dungeon Overview and Level Annotations

Branches:
Dungeon (3/15)

Altars:
Trog
Wu Jian

Annotations:
D:3 Robin


Innate Abilities, Weirdness & Mutations

You reflexively headbutt those who attack you in melee.
You have a pair of horns on your head.
You have claws for feet.


Message History

The goblin shouts!
You punch the rat!
You kill the rat!
You hear a shout!
A goblin comes into view.
It is wielding a +0 dagger. 2 goblins and 2 hobgoblins come into view.
The hobgoblin shouts!
The goblin shouts! x2; The hobgoblin shouts!
A goblin comes into view. It is wielding a +0 dagger.
Robin laughs in a distinctly smug fashion.
Robin throws the goblin at you!
The goblin shouts!
You hit the goblin.
You kill the goblin!
A goblin comes into view. It is wielding a +0 dagger.
The hobgoblin hits you with a +0 club.
A quokka comes into view.
You are feeling hungry.
You hit the hobgoblin.
You kill the hobgoblin!
A goblin comes into view. It is wielding a +0 dagger.
You hit the goblin.
You kill the goblin!
Robin throws the goblin at you!
A goblin comes into view. It is wielding a +0 club.
You hit the goblin.
The goblin is moderately wounded.
The goblin hits you with a +0 dagger. The leopard gecko barely misses you.
Robin's horned helmet rattles.
Robin throws the goblin at you! The goblin hits you with a +0 dagger.
You hit the goblin.
The goblin is severely wounded.
The leopard gecko closely misses you. The goblin completely misses you.
The goblin hits you with a +0 dagger.
You barely miss the goblin. You headbutt the goblin.
You kill the goblin!
The leopard gecko closely misses you. You furiously retaliate!
You headbutt the leopard gecko.
You kill the leopard gecko!
Robin throws the goblin at you! The goblin completely misses you.
You hit the goblin.
You kill the goblin!
The goblin hits you but does no damage. Robin throws the goblin at you!
The goblin hits you with a +0 dagger. The goblin hits you but does no damage.
You hit the goblin.
You kill the goblin!
Your talons disappear.
Robin roars a battlecry!
The goblins go into a battle-frenzy!
The goblin hits you with a +0 club. The goblin misses you.
You miss the goblin.
Robin roars a battlecry!
The hobgoblin goes into a battle-frenzy!
The goblin closely misses you. The hobgoblin misses you.
The goblin closely misses you.
You barely miss the hobgoblin. You hit the goblin but do no damage.
You headbutt the goblin.
The goblin is severely wounded.
The goblin hits you with a +0 dagger. The hobgoblin closely misses you.
The goblin barely misses you.
You miss the goblin. Your punch misses the goblin.
The goblin is severely wounded.
The goblin hits you but does no damage. The hobgoblin barely misses you.
The goblin barely misses you.
You punch the goblin!
You kill the goblin!
The hobgoblin barely misses you. The goblin closely misses you.
The hobgoblin barely misses you. You furiously retaliate!
You headbutt the hobgoblin.
Items here: ))) †† a +0 dagger; a cursed +0 dagger; a +0 dagger; a goblin corpse x2
Casting: Beastly Appendage (safe; 9% risk of failure)
Confirm with . or Enter, or press ? or * to list all spells.
Your feet morph into talons.
The hobgoblin closely misses you.
You punch the hobgoblin!
You kill the hobgoblin!
You closely miss the goblin. The goblin hits you with a +0 club!
* * * LOW HITPOINT WARNING * * *
You hit the goblin.
You kill the goblin!
Your Unarmed Combat skill increases to level 5!
You closely miss the quokka. The quokka barely misses you.
You furiously retaliate!
You headbutt the quokka. You hit the quokka. Your kick misses the quokka.
The quokka is almost dead.
The quokka closely misses you. Robin throws the goblin at you!
* * * LOW HITPOINT WARNING * * *
You hit the quokka.
You kill the quokka!
Your transformation is almost over.
The goblin closely misses you.
You barely miss the goblin.
You headbutt the goblin, but do no damage.
The goblin closely misses you. You furiously retaliate!
You headbutt the goblin!
You kill the goblin!
The goblin hits you with a +0 club!
* * * LOW HITPOINT WARNING * * *
It was a potion of haste.
You feel yourself speed up. The goblin hits you with a +0 club!
You die...

.. .# #....# .. .#
#######.##### .#.#
#........>..# # .g.#
#.#####<###.# #.#g. #.#
###.#r# #.# #.%.#.# #..
#.#.#.))###### #.#
#?......gg@g.# #.#
#..####.####.## #.# # #.
##.....##..# #.###..
#.......#..######......
..#.......#.............##
......_.....####..........
..#.......#.# #.#########
#..#.......#.# #.# # #.
##.....##.# #.# #


You could see Robin, a hobgoblin and a goblin.

Vanquished Creatures
  A crimson imp (D:3)
  Natasha (thrice) (D:3)
  4 adders
  2 oozes
  2 worms
  A leopard gecko (D:3)
  5 orcs (D:3)
  7 bats
  5 giant cockroaches
  14 goblins
  5 hobgoblins
  17 jackals
  2 kobolds (D:1)
  A quokka (D:3)
  3 frilled lizards
  6 rats
78 creatures vanquished.

Vanquished Creatures (others)
  4 toadstools (D:1)
4 creatures vanquished.

Grand Total: 82 creatures vanquished

Notes
Turn   | Place    | Note
-------+----------+-------------------------------------------
     0 | D:1      | sankara the Minotaur Transmuter began the quest for the
                  | Orb.
     0 | D:1      | Reached XP level 1. HP: 16/16 MP: 1/1
   219 | D:1      | Reached XP level 2. HP: 9/23 MP: 3/3
   554 | D:1      | Reached skill level 2 in Transmutations
   833 | D:1      | Reached XP level 3. HP: 13/28 MP: 2/4
   837 | D:1      | HP: 6/28 [hobgoblin (5)]
  1164 | D:1      | Reached skill level 3 in Dodging
  1368 | D:2      | Reached skill level 4 in Unarmed Combat
  1702 | D:2      | Reached XP level 4. HP: 33/35 MP: 3/5
  2204 | D:3      | Learned a level 2 spell: Sticks to Snakes
  2306 | D:3      | HP: 4/35 [orc/+2 mace of protection (7)]
  2341 | D:3      | HP: 1/35 [orc/+2 mace of protection (7)]
  2912 | D:3      | Noticed Natasha
  2919 | D:3      | Killed Natasha
  2919 | D:3      | Reached XP level 5. HP: 34/40 MP: 4/6
  2920 | D:3      | Found an ornate altar of the Wu Jian Council.
  3005 | D:3      | Noticed Natasha
  3008 | D:3      | Found a bloodstained altar of Trog.
  3013 | D:3      | Killed Natasha
  3013 | D:3      | Reached skill level 4 in Dodging
  3013 | D:3      | Reached skill level 3 in Transmutations
  3117 | D:3      | Noticed Natasha
  3120 | D:3      | HP: 8/40 [Natasha/magic dart (8)]
  3121 | D:3      | HP: 1/40 [Natasha (7)]
  3122 | D:3      | Killed Natasha
  3438 | D:3      | Noticed Robin
  3461 | D:3      | Reached skill level 5 in Unarmed Combat
  3463 | D:3      | HP: 9/40 [Robin/goblin (2)]
  3465 | D:3      | HP: 2/40 [goblin/+0 club[Robin] (8)]
  3466 | D:3      | Mangled by a goblin

Levels and vault maps discovered:
D:1:      ldierk_walled_garden_2, layout_rooms
D:2:      layout_loops_ring
D:3:      layout_loops_ring, old_standard_altar, lemuel_doored_altar,
          first_ration, uniq_robin, uniq_terence, uniq_natasha

Skill      XL: |  1  2  3  4  5 |
---------------+----------------+-----
Transmutations | 2 3 |  3.2
Dodging        | 3 4 |  4.2
Unarmed Combat | 4 5 |  5.0
Fighting       | |  1.2
Spellcasting   | |  1.3

Action                   |  1- 3 |  4- 6 || total
-------------------------+-------+-------++-------
Melee: Unarmed           |    89 |    98 ||   187
       Kick              |    18 |    17 ||    35
       Headbutt          |     9 |    17 ||    26
 Cast: Beastly Appendage |    21 |    19 ||    40
  Use: Potion            |       |     1 ||     1
  Eat: Chunk             |     3 |     6 ||     9
Armor: Robe              |    19 |    12 ||    31
Dodge: Dodged            |    72 |    58 ||   130

Table legend:
 A = Non-vault XP
 B = Vault XP
 C = Vault XP percentage of total XP
 D = Non-vault monster count
 E = Vault monster count
 F = Vault count percentage of total count
                 A         B        C        D         E       F
            +---------+---------+-------+---------+---------+-------
      Total |     298 |      55 |  15.6 |      67 |      11 |  14.1
            +---------+---------+-------+---------+---------+-------
        D:1 |      53 |       0 |   0.0 |      27 |       0 |   0.0
        D:2 |      44 |       0 |   0.0 |      13 |       0 |   0.0
        D:3 |     201 |      55 |  21.5 |      27 |      11 |  28.9
            +---------+---------+-------+---------+---------+-------

Levels and vault maps discovered:
D:1:      ldierk_walled_garden_2, layout_rooms
D:2:      layout_loops_ring
D:3:      layout_loops_ring, old_standard_altar, lemuel_doored_altar,
          first_ration, uniq_robin, uniq_terence, uniq_natasha

Table legend:
 A = Turns spent in this place as a percentage of turns spent in the entire game.
 B = Non-inter-level travel turns spent in this place as a percentage of non-inter-level travel turns spent in the entire game.
 C = Inter-level travel turns spent in this place as a percentage of turns spent in this place.
 D = Turns resting spent in this place as a percentage of non-inter-level travel turns spent in this place.
 E = Turns spent auto-exploring this place as a percentage of non-inter-level travel turns spent in this place.
 F = Non-inter-level travel turns spent in this place divided by the number of levels of this place that you've seen.
                   A       B       C       D       E      F
               +-------+-------+-------+-------+-------+----------------------
         Total | 100.0 | 100.0 |   1.4 |  49.0 |  32.8 | 1139.3
       Dungeon | 100.0 | 100.0 |   1.4 |  49.0 |  32.8 | 1139.3
               +-------+-------+-------+-------+-------+----------------------

Table legend:
 A = Kills in this place as a percentage of kills in entire the game.
 B = Kills by you in this place as a percentage of kills by you in the entire game.
 C = Kills by friends in this place as a percentage of kills by friends in the entire game.
 D = Other kills in this place as a percentage of other kills in the entire game.
 E = Experience gained in this place as a percentage of experience gained in the entire game.
 F = Experience gained in this place divided by the number of levels of this place that you have seen.
                   A       B       C       D       E      F
               +-------+-------+-------+-------+-------+----------------------
         Total | 100.0 | 100.0 |   N/A |   N/A | 100.0 | 117.7
       Dungeon | 100.0 | 100.0 |   N/A |   N/A | 100.0 | 117.7
               +-------+-------+-------+-------+-------+----------------------
